 Dungeon Crawl Stone Soup version 0.32-a0-975-g85d4e5bfdb (webtiles) character file.

Game seed: 12442709536003265692

53 ezpacito the Chopper (level 3, -3/29 HPs)
             Began as a Coglin Chaos Knight on Apr 19, 2024.
             Was a Plaything of Xom.
             Splashed by a jelly's acid (4 damage)
             ... on level 2 of the Dungeon.
             The game lasted 00:01:50 (1311 turns).

ezpacito the Chopper (Coglin Chaos Knight)          Turns: 1311, Time: 00:01:50

Health: -3/29      AC:  7    Str: 14    XL:     3   Next: 87%
Magic:  4/4        EV: -1    Int: 11    God:    Xom [..*...]
Gold:   80         SH:  0    Dex: 13    Spells: 3/3 levels left

rFire   + + .        a - +0 hand axe (chaos) {Carmen}
rCold   + . .        d - +0 dagger {Tlaloc}
rNeg    . . .        p - +0 gold dragon scales
rPois   +            (no helmet)
rElec   .            (no cloak)
rCorr   .            (no gloves)
SInv    .            (no boots)
Will    +....        (amulet unavailable) Stlth
                     (ring unavailable)
HPRegen 0.00/turn    (ring unavailable)
MPRegen 0.09/turn    (no gizmo)

%: no passive effects
@: corroded, enlightened, flying, inhibited regen, revved
A: off-hand wielding, slow wielding, warmup strikes, no jewellery, iridescent
scales 1, fire resistance 1, inhibited regeneration
a: Invent Gizmo, Renounce Religion


You were on level 2 of the Dungeon.
You worshipped Xom.
You were a toy of Xom.
You visited 1 branch of the dungeon, and saw 2 of its levels.

You collected 80 gold pieces.

Inventory:

Hand Weapons
 a - a +0 hand axe of chaos (weapon) {Carmen}
 d - a +0 dagger (offhand) {Tlaloc}
 s - a +0 war axe
 t - a +0 sling
Missiles
 e - 4 boomerangs (quivered)
 q - 3 javelins
Armour
 b - a +2 leather armour
 p - +0 gold dragon scales (worn)
Talismans
 u - a beast talisman
Wands
 r - a wand of mindburst (16)
Scrolls
 i - 2 scrolls of blinking {unknown}
 j - a scroll of identify {unknown}
 o - a scroll of amnesia {unknown}
Potions
 f - a potion of degeneration {unknown}
 g - a potion of enlightenment
 h - a potion of brilliance {unknown}
 k - a potion of attraction {unknown}
 l - a potion of curing {unknown}
 m - a potion of lignification {unknown}
 n - a potion of resistance {unknown}


   Skills:
 * Level 3.3 Fighting
 * Level 3.3(3.4) Axes
 * Level 1.0(2.1) Polearms
 + Level 0.1 Throwing
 * Level 2.1 Armour
 * Level 1.3 Dodging
 + Level 0.2 Stealth
 + Level 0.7 Spellcasting
 + Level 0.2 Evocations


You had 3 spell levels left.
You didn't know any spells.
Your spell library was empty.

Dungeon Overview and Level Annotations

Branches:
Dungeon (2/15)

Altars:
Kikubaaqudgha


Innate Abilities, Weirdness & Mutations

You can wield a second weapon in your off-hand.
It takes a long time for you to wield or remove held weapons.
Your first few attacks do less damage.
You cannot equip rings or amulets.
You are partially covered in iridescent scales. (AC +2)
Your flesh is heat resistant. (rF+)
You do not regenerate when monsters are visible.


Message History

You bump into the rock wall.
The jelly seems less confused.
The jelly hits you but does no damage. The jelly hits you but does no damage.
You feel less confused. The jelly hits you but does no damage.
The jelly hits you but does no damage.
You hit the jelly but do no damage.
The jelly becomes as fragile as glass!
Your graspers burn!
You hit the jelly with your +0 dagger.
Your graspers burn!
The jelly hits you but does no damage.
You take 8 damage, and have 21/29 hp.
MASSIVE DAMAGE!!
You hit the jelly with your +0 dagger. The acid corrodes you!
Your graspers burn!
The jelly is moderately wounded.
You hit the jelly but do no damage.
Your graspers burn!
The jelly hits you but does no damage.
You take 7 damage, and have 14/29 hp.
MASSIVE DAMAGE!!
You barely miss the jelly with your +0 hand axe of chaos.
The jelly is moderately wounded.
You hit the jelly but do no damage.
Your graspers burn!
The jelly hits you but does no damage.
You take 3 damage, and have 11/29 hp.
You hit the jelly but do no damage. The acid corrodes you!
Your graspers burn!
* * * LOW HITPOINT WARNING * * *
The jelly is moderately wounded.
You barely miss the jelly with your +0 hand axe of chaos.
The jelly hits you but does no damage.
You take 5 damage, and have 6/29 hp.
Okay, then.
Okay, then.
Aiming: Mindburst
Press: ? - help, Shift-Dir - straight line, f - jelly
Aim: a jelly (moderately wounded, fragile as glass, not susceptible)
Okay, then.
You hit the jelly but do no damage.
The jelly seems to slow down.
Your graspers burn!
* * * LOW HITPOINT WARNING * * *
The jelly is moderately wounded.
You hit the jelly but do no damage.
Your graspers burn!
You die...
Xom chuckles heartily!

##.... .)..# ##
#.).# . #...# . #.
#...######
..##.####........###
#..................#
.........(...._....#
#..........@.......#
.....##.#..J.....###
..## #.#...#.##.# #
#.#...#.# #
#.#...#<##
#.#......#
#).......#
###)..##.#
####.####.#


You could see a jelly (slow, vitrified).

Vanquished Creatures
  2 adders (D:2)
  A dart slug (D:1)
  2 endoplasms
  A giant cockroach (D:1)
  5 goblins
  A hobgoblin (D:1)
  3 jackals (D:1)
  3 kobolds (D:1)
  2 quokkas (D:1)
  3 ball pythons
  4 bats
  4 frilled lizards
  2 rats (D:1)
33 creatures vanquished.

Notes
Turn   | Place    | Note
-------+----------+-------------------------------------------
     0 | D:1      | ezpacito the Coglin Chaos Knight began the quest for the
                  | Orb.
     0 | D:1      | Reached XP level 1. HP: 18/18 MP: 1/1
    27 | D:1      | Found a faded altar of an unknown god.
    51 | D:1      | XOM: potion effect (might)
    53 | D:1      | Reached skill level 1 in Dodging
    85 | D:1      | Reached XP level 2. HP: 24/24 MP: 2/2
   185 | D:1      | XOM: silly message
   242 | D:1      | XOM: silly message
   560 | D:1      | Reached XP level 3. HP: 28/29 MP: 3/3
  1067 | D:2      | XOM: silly message
  1128 | D:2      | XOM: noise
  1149 | D:2      | XOM: noise
  1169 | D:2      | Reached skill level 1 in Polearms
  1179 | D:2      | Found an ancient bone altar of Kikubaaqudgha.
  1226 | D:1      | XOM: give mutations
  1226 | D:1      | Gained mutation: You are partially covered in iridescent
                  | scales. (AC +2) [Xom's mischief]
  1226 | D:1      | Gained mutation: Your flesh is heat resistant. (rF+) [Xom's
                  | mischief]
  1226 | D:1      | Gained mutation: You do not regenerate when monsters are
                  | visible. [Xom's mischief]
  1298 | D:2      | XOM: confusion (+ monsters)
  1299 | D:2      | XOM: god gift: 21 gold pieces
  1311 | D:2      | HP: 1/29 [acid (5)]
  1311 | D:2      | Splashed by a jelly's acid

Illustrated notes

Levels and vault maps discovered:
D:1:      psy_arrival_spokes, layout_loops_ring,
          shapermc_ecumenical_altar_starsandcircs,
          chequers_serial_rivers_room_a, chequers_serial_rivers_small_b
D:2:      layout_loops_cross, basic_altar, serial_shops, shop

Skill      XL: |  1  2  3 |
---------------+----------+-----
Dodging        | 1 |  1.3
Armour         | 2 |  2.1
Polearms       | 1 |  1.0
Fighting       | |  3.3
Axes           | |  3.3
Throwing       | |  0.1
Stealth        | |  0.2
Spellcasting   | |  0.7
Evocations     | |  0.2

Action                     || total
---------------------------++-------
  Melee: Dagger            ||    60
         Hand axe          ||    58
    Use: Scroll            ||     1
         Potion            ||     1
   Stab: Sleeping          ||     2
         Confused          ||     2
 Armour: Leather armour    ||    16
         Gold dragon scale ||    35
  Dodge: Dodged            ||    18

Table legend: (Time is in decaauts)
 A = Elapsed time spent in this place.
 B = Non-inter-level travel time spent in this place.
 C = Inter-level travel time spent in this place.
 D = Time resting spent in this place.
 E = Time spent auto-exploring this place.
 F = Levels seen in this place.
 G = Mean time per level.
                   A        B        C        D        E       F      G
               +--------+--------+--------+--------+--------+-----+--------+
         Total |   1316 |   1133 |    183 |     89 |    827 |   2 |  658.0 |
       Dungeon |   1316 |   1133 |    183 |     89 |    827 |   2 |  658.0 |
               +--------+--------+--------+--------+--------+-----+--------+

Top non-repeatable levels by time:
     D:1: 1129 daAuts
     D:2: 187 daAuts
